Map: Ulrena

Players

ILLBdA

  • Race: Zerg Zerg
  • League: Diamond

하루녹차 - Winner!

  • Race: Terran Terran
  • League: Diamond

VOD

Have the link to the VOD?

Description

Time

  • Played on: Dec. 13, 2015, 4:55 a.m.
  • Length: 5:35
Show
View Real Time Build Order
Export as new Build Order

ILLBdA Zerg 

Build Orders: Pool First, Zergling Baneling 

Get SALT Encoding   

  12  0:18  Spawning Pool  
  11  0:22  Drone  
  11  0:26  Extractor  
  11  0:29  Drone  
  11  0:34  Drone  
  13  0:39  Drone  
  14  0:49  Extractor  
  13  0:50  Drone  
  13  0:55  Overlord  
  15  1:14  Zergling x2  
  15  1:16  Queen  
  18  1:21  Zergling x2  
  19  1:30  Metabolic Boost  
  19  1:33  Zergling x2  
  20  1:43  Zergling x2  
  21  1:54  Zergling x2  
  22  2:04  Overlord  
  22  2:07  Extractor  
  21  2:24  Roach Warren  
  21  2:26  Baneling Nest  
  19  2:31  Drone x5  
  24  2:46  Overlord  
  24  3:03  Drone  
  24  3:04  Zergling x6  
  28  3:10  Baneling x5  
  28  3:25  Zergling x2  
  28  3:26  Hatchery, Zergling x2  
  29  3:37  Zergling x2  
  29  3:38  Zergling x4  
  25  3:53  Zergling x4  
  27  4:02  Zergling x6  
  29  4:10  Baneling x5  
  29  4:18  Zergling x2  
  30  4:24  Zergling x2  
  30  4:34  Zergling x2  
  30  4:38  Zergling x4  
  30  4:45  Zergling x2  
  25  4:53  Spore Crawler x2  
  25  4:54  Spore Crawler x2  
  25  4:55  Spore Crawler  
  25  4:57  Spore Crawler  
Show
View Real Time Build Order
Export as new Build Order

하루녹차 Terran - Winner!

Build Orders: Liberator Opening 

Get SALT Encoding   

  12  0:01  SCV  
  13  0:13  SCV  
  14  0:20  Supply Depot  
  14  0:25  SCV  
  15  0:42  SCV  
  16  0:43  Barracks  
  16  0:50  Supply Depot  
  16  0:54  SCV  
  17  1:02  Refinery  
  17  1:06  SCV  
  17  1:10  Refinery  
  18  1:19  SCV  
  19  1:31  Marine  
  20  1:37  Orbital Command  
  20  1:49  Marine  
  21  1:59  Factory  
  21  2:07  Marine  
  22  2:09  SCV  
  23  2:16  Barracks  
  23  2:22  SCV  
  24  2:25  Marine  
  24  2:34  SCV  
  25  2:38  Supply Depot  
  25  2:46  SCV  
  25  2:48  Factory Reactor  
  25  2:49  Starport  
  26  3:00  Bunker  
  26  3:01  SCV  
  26  3:04  Barracks Tech Lab  
  26  3:05  Marine  
  28  3:13  SCV  
  29  3:20  Liberator x2  
  29  3:22  Marine  
  29  3:23  Stimpack  
  29  3:25  SCV  
  37  3:45  SCV  
  38  3:54  Supply Depot  
  38  3:56  Supply Depot  
  38  4:07  Bunker  
  38  4:18  SCV  
  38  4:19  Supply Depot  
  39  4:38  Supply Depot  
  33  4:53  Supply Depot  
  33  4:59  Marine, Widow Mine  
  39  5:00  SCV  
  39  5:14  SCV, Marine  
  39  5:17  Supply Depot  
Tags
 
Add a new tag
Caveats
  • Supply blocks, unpowered buildings, or Contaminate may cause inaccurate times.
  • Supply counts are checked every 10 seconds.